 Dungeon Crawl Stone Soup version 0.26.1-11-gd32895ea62 (webtiles) character file.

Game seed: 15332640873130857598

7 infcreate the Conjurer (level 2, 15/15 HPs)
             Began as a Tengu Conjurer on May 29, 2021.
             Quit the game on level 1 of the Dungeon.
             The game lasted 00:01:09 (201 turns).

infcreate the Conjurer (Tengu Conjurer)              Turns: 201, Time: 00:01:10

Health: 15/15      AC:  2    Str:  7    XL:     2   Next: 0%
Magic:  6/6        EV: 12    Int: 18    God:
Gold:   11         SH:  0    Dex: 12    Spells: 4/5 levels left

rFire    . . .     SeeInvis .   (no weapon)
rCold    . . .     Faith    .   (no shield)
rNeg     . . .     Spirit   .   a - +0 robe
rPois    .         Reflect  .   (helmet restricted)
rElec    .         Harm     .   (no cloak)
rCorr    .         Rampage  .   (no gloves)
Will     .....                  (boots unavailable)
Stlth    ++........             (no amulet)
HPRegen  0.05/turn              (no ring)
MPRegen  0.10/turn              (no ring)

@: no status effects
A: beak, talons 3
a: no special abilities


You were on level 1 of the Dungeon.
You visited 1 branch of the dungeon, and saw 1 of its levels.

You collected 11 gold pieces.


Innate Abilities, Weirdness & Mutations

You have a beak for a mouth.
You have claws for feet.


   Skills:
 + Level 0.2 Fighting
 * Level 2.4 Dodging
 - Level 2.0 Stealth
 * Level 2.1 Spellcasting
 * Level 5.4 Conjurations


You had 4 spell levels left.
You knew the following spells:

 Your Spells              Type           Power        Failure   Level
m - Magic Dart            Conj           84%          1%          1

Your spell library contained the following spells:

 Spells                   Type           Power        Failure   Level
 Searing Ray              Conj           42%          2%          2
 Dazzling Flash           Conj/Hex       22%          17%         3
 Fulminant Prism          Conj/Hex       5%           50%         4
 Iskenderun's Mystic Bla  Conj/Tloc      11%          50%         4

Inventory:

Armour
 a - a +0 robe (worn)
Scrolls
 c - a scroll of fear {unknown}
 d - a scroll of fog {unknown}
 f - a scroll of identify {unknown}
Potions
 b - a potion of degeneration {unknown}
 e - 2 potions of brilliance {unknown}

Dungeon Overview and Level Annotations

Branches:
Dungeon (1/15)

Altars:

########## ..
....$#..###
#.?#........
#......##†##...
####@......#
#.....#.####
.....###.#.###
###########>. #.....#
..........#####
###.#.#
...⌠..........### #.#
............⌠...###.#
........⌠........##.#
..................#.#


There were no monsters in sight!


Message History

The magic dart hits the kobold.
You kill the kobold!
You start resting.
Magic restored.
A giant cockroach comes into view.
You see here a scroll labelled RUUHATO JUER.
f - a scroll labelled RUUHATO JUER The magic dart hits the giant cockroach.
You kill the giant cockroach!
You can't see any susceptible monsters within range! (Use Z to cast anyway.)
You start resting.
Magic restored.
You see here a frilled lizard corpse.
You see here a rat corpse.
You see here a rat corpse.
A leopard gecko comes into view.
The magic dart hits the leopard gecko.
The leopard gecko is heavily wounded.
The leopard gecko hisses angrily.
A goblin comes into view.
The magic dart hits the leopard gecko.
You kill the leopard gecko!
The magic dart hits the goblin!
You kill the goblin!
You have reached level 2!
You start resting.
Magic restored.
Found 13 gold pieces.
Found a scroll labelled OGYUNN JIMEUX.
Found a stone staircase leading down.
Are you sure you want to abandon this character and quit the game? (Confirm with "yes".)

Action                   || total
-------------------------++-------
 Cast: Magic Dart        ||     9

Levels and vault maps discovered:
D:1:      dpeg_arrival_water_temple_mockup, layout_rooms

Notes
Turn   | Place    | Note
-------+----------+-------------------------------------------
     0 | D:1      | infcreate the Tengu Conjurer began the quest for the Orb.
     0 | D:1      | Reached XP level 1. HP: 10/10 MP: 4/4
   149 | D:1      | Reached XP level 2. HP: 15/15 MP: 1/6
   201 | D:1      | Quit the game

Vanquished Creatures
  A leopard gecko (D:1)
  A giant cockroach (D:1)
  A goblin (D:1)
  A frilled lizard (D:1)
  A kobold (D:1)
  A rat (D:1)
6 creatures vanquished.

Table legend: (Time is in decaauts)
 A = Elapsed time spent in this place.
 B = Non-inter-level travel time spent in this place.
 C = Inter-level travel time spent in this place.
 D = Time resting spent in this place.
 E = Time spent auto-exploring this place.
 F = Levels seen in this place.
 G = Mean time per level.
                   A        B        C        D        E       F      G
               +--------+--------+--------+--------+--------+-----+--------+
         Total |    201 |    201 |      0 |    103 |      0 |   1 |  201.0 |
       Dungeon |    201 |    201 |      0 |    103 |      0 |   1 |  201.0 |
               +--------+--------+--------+--------+--------+-----+--------+

Top non-repeatable levels by time:
     D:1: 201 daAuts

Table legend:
 A = Non-vault XP
 B = Vault XP
 C = Vault XP percentage of total XP
 D = Non-vault monster count
 E = Vault monster count
 F = Vault count percentage of total count
                 A         B        C        D         E       F
            +---------+---------+-------+---------+---------+-------
      Total |      10 |       0 |   0.0 |       6 |       0 |   0.0
            +---------+---------+-------+---------+---------+-------
        D:1 |      10 |       0 |   0.0 |       6 |       0 |   0.0
            +---------+---------+-------+---------+---------+-------
